 Dungeon Crawl Stone Soup version 0.29.1-1-gd02db6906a (webtiles) character file.

Game seed: 15911497084564526333

166 Iusername the Covered (level 5, -1/47 HPs)
             Began as a Minotaur Fighter on Sept 20, 2022.
             Slain by a kobold brigand
             ... wielding a +1 dagger of speed
              (8 damage)
             ... on level 3 of the Dungeon.
             The game lasted 00:03:38 (2962 turns).

Iusername the Covered (Minotaur Fighter)            Turns: 2962, Time: 00:03:39

Health: -1/47      AC:  8    Str: 22    XL:     5   Next: 22%
Magic:  4/4        EV:  9    Int:  5    God:
Gold:   149        SH:  4    Dex: 10    Spells: 4/4 levels left

rFire   . . .      SeeInvis .   a - +0 long sword
rCold   . . .      Faith    .   c - +0 buckler
rNeg    . . .      Spirit   .   b - +0 scale mail
rPois   .          Reflect  .   (helmet restricted)
rElec   .          Harm     .   d - +0 cloak
rCorr   .          Rampage  .   (no gloves)
Will    .....                   (no boots)
Stlth   ..........              f - amulet of the acrobat
HPRegen 0.15/turn               (no ring)
MPRegen 0.09/turn               (no ring)

@: slowed, very slow
A: horns 2, retaliatory headbutt
a: no special abilities


You were on level 3 of the Dungeon.
You visited 1 branch of the dungeon, and saw 3 of its levels.

You collected 149 gold pieces.

Inventory:

Hand Weapons
 a - a +0 long sword (weapon)
Armour
 b - a +0 scale mail (worn)
 c - a +0 buckler (worn)
 d - a +0 cloak (worn)
Jewellery
 f - an amulet of the acrobat (around neck)
Scrolls
 e - 2 scrolls of magic mapping {unknown}
 g - a scroll of teleportation {unknown}
 h - a scroll of brand weapon {unknown}
 i - 2 scrolls of enchant armour {unknown}
 k - 4 scrolls of identify {unknown}
 l - 2 scrolls of immolation {unknown}
 n - a scroll of fog {unknown}
 o - a scroll of blinking {unknown}
Potions
 j - a potion of degeneration {unknown}
 m - a potion of heal wounds {unknown}
 p - a potion of resistance {unknown}
 q - a potion of berserk rage


   Skills:
 + Level 4.5 Fighting
 + Level 4.5 Long Blades
 + Level 4.7 Armour
 + Level 0.4 Dodging
 + Level 4.3 Shields


You had 4 spell levels left.
You didn't know any spells.
Your spell library contained the following spells:

 Spells                   Type           Power      Damage    Failure   Level
 Freeze                   Ice            0%         1d3       87%         1
 Frozen Ramparts          Ice            0%         1d1       99%         3
 Hailstorm                Conj/Ice       0%         3d3       100%        4
 Summon Forest            Summ/Tloc      0%         N/A       100%        5
 Summon Mana Viper        Hex/Summ       0%         N/A       100%        5
 Summon Cactus Giant      Summ           0%         N/A       100%        6


Dungeon Overview and Level Annotations

Branches:
Dungeon (3/15)

Altars:
Okawaru
Trog


Innate Abilities, Weirdness & Mutations

You have a pair of horns on your head.
You reflexively headbutt those who attack you in melee.


Message History

The kobold brigand misses you.
The kobold brigand hits you with a +1 dagger of speed.
You barely miss the kobold brigand.
You feel very sick. The kobold brigand closely misses you.
The kobold brigand hits you but does no damage. x2
The kobold brigand hits you with a +1 dagger of speed.
You completely miss the kobold brigand.
You feel sick. You block the kobold brigand's attack.
The kobold brigand hits you with a +1 dagger of speed.
The kobold brigand completely misses you.
The kobold brigand hits you with a +0 club.
You completely miss the kobold brigand.
You headbutt the kobold brigand, but do no damage.
You feel sick.
You block the kobold brigand's attack. x2
The kobold brigand closely misses you.
The kobold brigand hits you with a +1 dagger of speed.
The kobold brigand hits you with a +0 club.
* * * LOW HITPOINT WARNING * * *
You closely miss the kobold brigand.
You feel sick.
You are no longer poisoned.
The kobold brigand barely misses you. The kobold brigand closely misses you.
You furiously retaliate!
You headbutt the kobold brigand, but do no damage.
You block the kobold brigand's attack. x2
The kobold brigand hits you but does no damage.
You hit the kobold brigand.
The kobold brigand is lightly wounded.
The kobold brigand completely misses you.
You furiously retaliate!
You headbutt the kobold brigand, but do no damage.
The kobold brigand hits you but does no damage.
The kobold brigand barely misses you.
The kobold brigand hits you with a +1 dagger of speed.
* * * LOW HITPOINT WARNING * * *
You hit the kobold brigand. You headbutt the kobold brigand!
The kobold brigand is moderately wounded.
The kobold brigand hits you but does no damage.
The kobold brigand hits you with a +1 dagger of speed!
You die...

####.........#..#≈h~~#
##...........#..##≈~.#
##.#...#.....##..#~~.#
#...........###..##~.#
#.............##..#
...
#........<..##~#..# #
##(#...#.#..# #..#
##.#...#.#..#~ #..#
##..........~~ #@K##
######.###.#~~ ##K.#
######.# ..~≈≈≈#..#
#......# .#~≈≈##..#
#.###### #~~ ..## #.#
## ..# #.# ..## #.# ..
#.# #).


You could see 2 kobold brigands.

Vanquished Creatures
  Natasha (D:2)
  An orc wizard (D:3)
  Robin (D:3)
  3 worms (D:2)
  A dart slug (D:1)
  4 orcs (D:3)
  3 endoplasms
  3 giant cockroaches
  17 goblins
  10 hobgoblins
  7 jackals (D:3)
  A quokka (D:2)
  6 ball pythons
  6 bats
  3 frilled lizards
  10 kobolds
  11 rats
88 creatures vanquished.

Notes
Turn   | Place    | Note
-------+----------+-------------------------------------------
     0 | D:1      | Iusername the Minotaur Fighter began the quest for the Orb.
     0 | D:1      | Reached XP level 1. HP: 19/19 MP: 0/0
     3 | D:1      | Noticed an electric eel
     4 | D:1      | Noticed an electric eel
   274 | D:1      | You fall into a shaft and drop 1 floor!
   289 | D:2      | Found a faded altar of an unknown god.
   294 | D:2      | Reached XP level 2. HP: 27/27 MP: 1/1
   540 | D:2      | Noticed Natasha
   923 | D:1      | Reached XP level 3. HP: 33/33 MP: 2/2
  1478 | D:2      | Killed Natasha
  1599 | D:2      | Reached XP level 4. HP: 40/40 MP: 3/3
  2169 | D:3      | Found a bloodstained altar of Trog.
  2170 | D:3      | Found an iron altar of Okawaru.
  2215 | D:3      | Noticed Robin
  2234 | D:3      | Killed Robin
  2239 | D:3      | Reached XP level 5. HP: 5/47 MP: 4/4
  2962 | D:3      | Slain by a kobold brigand

Illustrated notes

Levels and vault maps discovered:
D:1:      arrival_aquarium_b, layout_basic, ebering_dispersal_statue_hall,
          minmay_tetromino_o2
D:2:      minmay_chambers_of_twos, layout_loops_ring,
          hellmonk_ecumenical_altar_lost_god, chequers_serial_rivers_marsh,
          uniq_natasha
D:3:      cheibrodos_thug_alley, layout_loops_ring,
          grunt_temple_overflow_bloody_war,
          nicolae_hepliaklqana_monster_ancestors, uniq_robin

Skill      XL: |  1  2  3  4 |
---------------+-------------+-----
Shields        | 4 |  4.3
Fighting       | 4 |  4.5
Armour         | 4 |  4.7
Long Blades    | 3 4 |  4.5
Dodging        | |  0.4

Action                   |  1- 3 |  4- 6 || total
-------------------------+-------+-------++-------
Melee: Long sword        |    66 |   105 ||   171
       Headbutt          |    13 |    19 ||    32
  Use: Potion            |       |     2 ||     2
Armor: Scale mail        |    22 |    62 ||    84
Dodge: Dodged            |    32 |    71 ||   103
Block: Buckler           |    13 |    32 ||    45
